 Dungeon Crawl Stone Soup version 0.31-a0-182-gc5ef74bbde (webtiles) character file.

Game seed: 2959896592752966226

32 Elmgren the Shooter (level 3, 0/23 HPs)
             Began as a Gargoyle Hunter on June 21, 2023.
             Slain by a gnoll
             ... wielding a +0 club
              (2 damage)
             ... on level 1 of the Dungeon.
             The game lasted 00:00:51 (1059 turns).

Elmgren the Shooter (Gargoyle Hunter)               Turns: 1059, Time: 00:00:51

Health: 0/23       AC:  6    Str: 14    XL:     3   Next: 25%
Magic:  3/3        EV: 11    Int:  9    God:
Gold:   46         SH:  0    Dex: 15    Spells: 2/2 levels left

rFire   . . .        a - +1 shortbow
rCold   . . .        (shield currently unavailable)
rNeg    + . .        c - +0 leather armour
rPois   ∞            (no helmet)
rElec   +            (no cloak)
rCorr   .            (no gloves)
SInv    .            (no boots)
Will    .....        (no amulet)
Stlth   ++           (no ring)
HPRegen 0.23/turn    (no ring)
MPRegen 0.08/turn

%: no passive effects
@: no status effects
A: sickness immunity, AC +3, negative energy resistance 1, electricity
resistance, torment resistance 1, petrification resistance
a: no special abilities


You were on level 1 of the Dungeon.
You visited 1 branch of the dungeon, and saw 2 of its levels.

You collected 46 gold pieces.

Inventory:

Hand Weapons
 a - a +1 shortbow (weapon)
Armour
 c - a +0 leather armour (worn)
Scrolls
 b - a scroll of butterflies
 f - 3 scrolls of amnesia
Potions
 e - a potion of attraction {!q}
 g - a potion of heal wounds {@q2, !d}
 i - a potion of brilliance {unknown}
 k - a potion of berserk rage {unknown}


   Skills:
 + Level 3.2 Fighting
 + Level 4.5 Ranged Weapons
 - Level 1.5 Dodging
 - Level 1.1 Stealth


You had 2 spell levels left.
You didn't know any spells.
Your spell library was empty.

Dungeon Overview and Level Annotations

Branches:
Dungeon (2/15)

Altars:


Innate Abilities, Weirdness & Mutations

You are immune to sickness and miasma.
Your stone body is resilient. (AC +3)
You are immune to poison.
You resist negative energy. (rN+)
You are resistant to electric shocks. (rElec)
You are resistant to unholy torment.
You are immune to petrification.


Message History

It was a scroll of fear.
As you read the scroll labelled RIJ RITUET, it crumbles to dust.
It is a scroll of amnesia.
You feel forgetful for a moment.
As you read the scroll of identify {@r1}, it crumbles to dust.
e - a potion of attraction
There is a stone staircase leading down here.
You climb downwards.
The kobold shouts!
You hear a shout! x3
There is a stone staircase leading up here.
You shoot an arrow.
The arrow hits the kobold but does no damage.
There are monsters nearby!
You shoot an arrow. The arrow hits the kobold.
A bat comes into view.
The bat closely misses you. The kobold closely misses you.
There are monsters nearby! 4 gnolls, a jackal and a hobgoblin come into view.
The gnoll shouts! x2; The jackal barks!
The adder barely misses you. The kobold barely misses you.
The adder attacks as you move away! The adder bites you but does no damage.
The bat hits you but does no damage. The kobold hits you but does no damage.
The adder bites you.
There is a stone staircase leading up here.
You take 4 damage, and have 15/19 hp.
MASSIVE DAMAGE!!
The kobold hits you but does no damage. The adder bites you but does no damage.
You climb upwards.
There is a stone staircase leading down here.
You shoot an arrow. The arrow hits the kobold.
You kill the kobold!
The adder bites you.
An adder is nearby!
You take 3 damage, and have 12/19 hp.
You shoot an arrow. The arrow closely misses the adder.
The adder closely misses you. The adder barely misses you.
An adder is nearby!
You shoot an arrow. The arrow misses the adder.
The adder barely misses you.
An adder is nearby!
You shoot an arrow. The arrow misses the adder.
The adder bites you but does no damage. The adder misses you.
An adder is nearby!
You shoot an arrow. The arrow hits the adder!
The adder bites you. The adder closely misses you.
An adder is nearby!
You take 1 damage, and have 12/19 hp.
You shoot an arrow. The arrow completely misses the adder.
The adder closely misses you.
An adder is nearby!
You shoot an arrow. The arrow hits the adder.
You kill the adder!
You have reached level 3!
Your experience leads to an increase in your attributes!
Increase (s)trength, (i)ntelligence, or (d)exterity?
You feel agile. x2
You regained 3 hp, and now have 15/23 hp.
MP restored: 3 You start resting.
Health restored: 23 You climb downwards.
The bat hits you but does no damage.
The jackal bites you but does no damage.
The jackal closely misses you. The gnoll closely misses you.
The jackal bites you but does no damage.
There is a stone staircase leading up here.
The bat hits you but does no damage. The jackal barely misses you.
The gnoll hits you from afar with a +0 halberd!
The gnoll hits you with a +0 club.
You climb upwards.
There is a stone staircase leading down here.
You take 10 damage, and have 13/23 hp.
MASSIVE DAMAGE!!
You shoot an arrow. The arrow hits the gnoll!
The bat hits you but does no damage.
The jackal bites you but does no damage.
The gnoll closely misses you.
The jackal bites you but does no damage.
You shoot an arrow. The arrow barely misses the gnoll.
The bat barely misses you. The jackal barely misses you.
The gnoll hits you with a +0 club.
You take 6 damage, and have 7/23 hp.
MASSIVE DAMAGE!!
You shoot an arrow.
The arrow hits the gnoll but does no damage.
The bat hits you but does no damage.
The jackal bites you but does no damage.
The gnoll hits you with a +0 club.
* * * LOW HITPOINT WARNING * * *
The jackal bites you but does no damage.
You take 3 damage, and have 4/23 hp.
You shoot an arrow. The arrow closely misses the bat.
The bat completely misses you. The jackal misses you.
The gnoll hits you but does no damage. The jackal closely misses you.
The gnoll hits you but does no damage.
You shoot an arrow. The arrow hits the gnoll.
The bat hits you but does no damage. The jackal bites you.
* * * LOW HITPOINT WARNING * * *
The gnoll hits you but does no damage.
The jackal bites you but does no damage.
You take 1 damage, and have 3/23 hp.
You shoot an arrow. The arrow barely misses the gnoll.
The bat hits you.
* * * LOW HITPOINT WARNING * * *
The bat closely misses you. The jackal barely misses you.
The gnoll hits you with a +0 club.
You die...

.♣.P...## #..#.#
#.##..##. ♣....###
##.#.# ##.##..##.
P.P..# #...##
##....##..# ....##
###..#
#####..#..##..#
....#
#..###.....#########
...## #..##..#####
...# ####.....##
...# #....)g### ...#
#....b@# ...#
#.....h# ...#
####'#.#
...###########.#.#
.............).#.#
...#############.#
#### #.# #.# #.#


You could see a gnoll, a jackal and a bat.

Vanquished Creatures
  An adder (D:1)
  3 bats (D:1)
  An endoplasm (D:1)
  3 goblins (D:1)
  3 hobgoblins (D:1)
  4 kobolds (D:1)
  3 ball pythons (D:1)
  A frilled lizard (D:1)
  4 rats (D:1)
23 creatures vanquished.

Notes
Turn   | Place    | Note
-------+----------+-------------------------------------------
     0 | D:1      | Elmgren the Gargoyle Hunter began the quest for the Orb.
     0 | D:1      | Reached XP level 1. HP: 12/12 MP: 1/1
   219 | D:1      | Reached XP level 2. HP: 18/18 MP: 2/2
   293 | D:1      | Found a faded altar of an unknown god.
   657 | D:1      | Reached skill level 3 in Fighting
  1016 | D:1      | Reached XP level 3. HP: 15/23 MP: 3/3
  1055 | D:1      | HP: 7/23 [gnoll/+0 club (6)]
  1058 | D:1      | HP: 3/23 [jackal (1)]
  1059 | D:1      | Slain by a gnoll

Illustrated notes

Levels and vault maps discovered:
D:1:      lightli_iron_boxes, layout_basic, dreamdust_ecumenical_altar_grove
D:2:      minmay_skewed_foursquare, layout_rooms

Skill      XL: |  1  2 |
---------------+-------+-----
Fighting       | 3 |  3.2
Ranged Weapons | |  4.5
Dodging        | |  1.5
Stealth        | |  1.1

Action                     || total
---------------------------++-------
   Fire: Shortbow          ||    62
    Use: Scroll            ||     5
 Armour: Leather armour    ||    24
  Dodge: Dodged            ||    27

Table legend: (Time is in decaauts)
 A = Elapsed time spent in this place.
 B = Non-inter-level travel time spent in this place.
 C = Inter-level travel time spent in this place.
 D = Time resting spent in this place.
 E = Time spent auto-exploring this place.
 F = Levels seen in this place.
 G = Mean time per level.
                   A        B        C        D        E       F      G
               +--------+--------+--------+--------+--------+-----+--------+
         Total |   1074 |    992 |     82 |     34 |    835 |   2 |  537.0 |
       Dungeon |   1074 |    992 |     82 |     34 |    835 |   2 |  537.0 |
               +--------+--------+--------+--------+--------+-----+--------+

Top non-repeatable levels by time:
     D:1: 1065 daAuts
     D:2: 8 daAuts

Levels and vault maps discovered:
D:1:      lightli_iron_boxes, layout_basic, dreamdust_ecumenical_altar_grove
D:2:      minmay_skewed_foursquare, layout_rooms

Table legend: (Time is in decaauts)
 A = Elapsed time spent in this place.
 B = Non-inter-level travel time spent in this place.
 C = Inter-level travel time spent in this place.
 D = Time resting spent in this place.
 E = Time spent auto-exploring this place.
 F = Levels seen in this place.
 G = Mean time per level.
                   A        B        C        D        E       F      G
               +--------+--------+--------+--------+--------+-----+--------+
         Total |   1074 |    992 |     82 |     34 |    835 |   2 |  537.0 |
       Dungeon |   1074 |    992 |     82 |     34 |    835 |   2 |  537.0 |
               +--------+--------+--------+--------+--------+-----+--------+

Top non-repeatable levels by time:
     D:1: 1065 daAuts
     D:2: 8 daAuts

Table legend:
 A = Kills in this place as a percentage of kills in the entire game.
 B = Kills by you in this place as a percentage of kills by you in the entire game.
 C = Kills by friends in this place as a percentage of kills by friends in the entire game.
 D = Other kills in this place as a percentage of other kills in the entire game.
 E = Experience gained in this place as a percentage of experience gained in the entire game.
 F = Experience gained in this place divided by the number of levels of this place that you have seen.
                   A       B       C       D       E      F
               +-------+-------+-------+-------+-------+----------------------
         Total | 100.0 | 100.0 |   N/A |   N/A | 100.0 |  23.0
       Dungeon | 100.0 | 100.0 |   N/A |   N/A | 100.0 |  23.0
               +-------+-------+-------+-------+-------+----------------------
